 Dungeon Crawl Stone Soup version 0.18.1-8-gdd0e5ea (webtiles) character file.

126 Jerry the Shield-Bearer (level 4, -4/35 HPs)
             Began as a Demonspawn Fighter on May 23, 2016.
             Slain by an iron imp (5 damage)
             ... summoned by Natasha
             ... on level 2 of the Dungeon.
             The game lasted 00:06:52 (2900 turns).

Jerry the Shield-Bearer (Demonspawn Fighter)        Turns: 2900, Time: 00:06:52

Health: -4/35      AC:  8    Str: 17    XL:     4   Next: 84%
Magic:  0/4        EV:  7    Int:  9    God:
Gold:   79         SH: 11    Dex: 13    Spells: 0 memorised, 3 levels left

rFire  . . .     SeeInvis .     a - +0 flail
rCold  . . .     Gourm    .     b - +0 scale mail
rNeg   . . .     Faith    .     c - +0 shield
rPois  .         Spirit   +     (no helmet)
rElec  .         Dismiss  .     (no cloak)
rCorr  .         Reflect  .     (no gloves)
SustAt .         Harm     .     (no boots)
MR     .....                    (no amulet)
Stlth  ..........               (no ring)
                                (no ring)

@: not resistant to hostile enchantments, extremely unstealthy
A: large bone plates 1, magic shield, magic regeneration
a: no special abilities


You were on level 2 of the Dungeon.
You were hungry.

You visited 1 branch of the dungeon, and saw 2 of its levels.

You collected 79 gold pieces.

Inventory:

Hand Weapons
 a - a +0 flail (weapon)
Armour
 b - a +0 scale mail (worn)
 c - a +0 shield (worn)
Scrolls
 e - a scroll of recharging {unknown}
 g - 2 scrolls of remove curse {unknown}
 h - a scroll of magic mapping {unknown}
 i - a scroll of identify {unknown}
 k - a scroll of fear {unknown}
 m - a scroll of teleportation {unknown}
 n - a scroll of blinking {unknown}
Potions
 d - a potion of berserk rage {unknown}
 o - a potion of curing
 q - a potion of cure mutation {unknown}
Comestibles
 f - 4 bread rations
 j - 2 meat rations
 l - a slice of pizza
 p - 2 chunks of flesh


   Skills:
 - Level 3.0 Fighting
 + Level 2.9 Maces & Flails
 + Level 3.5 Armour
 + Level 3.8 Shields


You had 3 spell levels left.
You didn't know any spells.

Dungeon Overview and Level Annotations

Branches:
Dungeon (2/15)

Altars:
Ashenzari
Elyvilon

Annotations:
D:2 Natasha


Innate Abilities, Weirdness & Mutations

You are partially covered in large bone plates (AC +2, SH +2).
When hurt, damage is shared between your health and your magic reserves.
You regenerate magic rapidly.


Message History

The shadow imp gestures at you. Pain shoots through your body!
* * * LOW HITPOINT WARNING * * *
Natasha barely misses you.
You closely miss Natasha.
Natasha is heavily wounded.
You block the crimson imp's attack. You block the iron imp's attack.
The shadow imp hits you but does no damage.
Natasha claws you but does no damage.
The crimson imp shouts, "Slither away, thou mammering idle-headed clam!"
You block the crimson imp's attack.
You hit Natasha.
Natasha is severely wounded.
The shadow imp gestures at you. Pain shoots through your body!
* * * LOW HITPOINT WARNING * * *
You block the iron imp's attack. Natasha claws you but does no damage.
The crimson imp closely misses you. You block the shadow imp's attack.
Natasha barely misses you. The iron imp hits you.
You die...

########## #.# #. # #........#
#.# #. # #........# ##'##### #. #
#........# #......# #. #
#........# #......# #.
#########........# #......# #.
.................# #......# #.
......####'##########......#####.
..###.####.....5@h...............
...†).†.........55...............
..###.#....†........#......#.....
..# #..........####.####'###.....
#.#####....#...####.####.# ######
.....##...<'...#......##.# #
.....##....##.##.##...##.## #
.>........................#######
.....###########................#


You could see an iron imp, Natasha, a crimson imp and a shadow imp.

Vanquished Creatures
  Natasha (twice) (D:2)
  5 adders (D:2)
  A worm (D:2)
  2 dart slugs
  3 bats
  A giant cockroach (D:2)
  4 goblins
  4 hobgoblins (D:1)
  2 giant newts
  3 kobolds
  4 rats
31 creatures vanquished.

Vanquished Creatures (others)
  A goblin (D:1)
1 creature vanquished.

Grand Total: 32 creatures vanquished

Notes
Turn   | Place    | Note
--------------------------------------------------------------
     0 | D:1      | Jerry the Demonspawn Fighter began the quest for the Orb.
     0 | D:1      | Reached XP level 1. HP: 18/18 MP: 1/1
   416 | D:1      | Gained mutation: When hurt, damage is shared between your health and your magic reserves. [demonic ancestry]
   416 | D:1      | Reached XP level 2. HP: 21/24 MP: 2/2
  1109 | D:2      | Found a shattered altar of Ashenzari.
  1616 | D:2      | Gained mutation: You regenerate magic rapidly. [demonic ancestry]
  1616 | D:2      | Reached XP level 3. HP: 8/29 MP: 3/3
  1940 | D:2      | Noticed Natasha
  1951 | D:2      | Killed Natasha
  2323 | D:2      | Found a white marble altar of Elyvilon.
  2371 | D:2      | Gained mutation: You are partially covered in large bone plates (AC +2, SH +2). [demonic ancestry]
  2371 | D:2      | Reached XP level 4. HP: 14/35 MP: 4/4
  2724 | D:2      | Noticed Natasha
  2730 | D:2      | Killed Natasha
  2888 | D:2      | Noticed Natasha
  2900 | D:2      | HP: 1/35 [shadow imp/nerve-wracking pain[Natasha] (5)]
  2900 | D:2      | Slain by an iron imp

Skill      XL: |  1  2 |
---------------+-------+-----
Maces & Flails | 2 |  2.9
Shields        | 3 |  3.8
Armour         | 3 |  3.5
Fighting       | |  3.0

Action                   |  1- 3 |  4- 6 || total
-------------------------+-------+-------++-------
Melee: Flail             |   129 |    43 ||   172
  Use: Potion            |     1 |       ||     1
  Eat: Chunk             |     5 |     1 ||     6
Armor: Scale mail        |    77 |    25 ||   102
Dodge: Dodged            |    37 |    19 ||    56
Block: Shield            |    80 |    24 ||   104
